 Dungeon Crawl Stone Soup version 0.19.0-22-gd96e5fe (webtiles) character file.

420 KristoblXynda the Spear-Bearer (level 6, -1/52 HPs)
             Began as a Naga Hunter on Nov 18, 2016.
             Slain by Pikel
             ... wielding a +2 whip of freezing
              (4 damage)
             ... on level 4 of the Dungeon.
             The game lasted 00:09:57 (4941 turns).

KristoblXynda the Spear-Bearer (Naga Hunter)        Turns: 4941, Time: 00:09:58

Health: -1/52      AC:  5    Str: 14      XL:     6   Next: 94%
Magic:  0/6        EV: 10    Int: 19      God:
Gold:   178        SH:  0    Dex:  8 (11) Spells: 0 memorised, 5 levels left

rFire  . . .     SeeInvis +     g - +0 spear
rCold  . . .     Gourm    .     b - +0 leather armour
rNeg   . . .     Faith    .     (no shield)
rPois  +         Spirit   +     k - +1 helmet
rElec  .         Reflect  .     (no cloak)
rCorr  .         Harm     .     (no gloves)
MR     .....                    (no barding)
Stlth  ++........               p - amulet of guardian spirit
                                (no ring)
                                n - +5 ring of intelligence

@: very slow
A: see invisible, deformed body, poison resistance, slowness 2, slow metabolism
1, spit poison 1, AC +2
a: Spit Poison


You were on level 4 of the Dungeon.
You were hungry.

You visited 1 branch of the dungeon, and saw 4 of its levels.

You collected 178 gold pieces.

Inventory:

Hand Weapons
 g - a +0 spear (weapon)
 r - a +0 halberd
Missiles
 c - 6 javelins (quivered)
 d - 2 throwing nets
Armour
 b - a +0 leather armour (worn)
 k - a +1 helmet (worn)
Jewellery
 n - a +5 ring of intelligence (left hand)
 p - an amulet of guardian spirit (around neck)
Scrolls
 i - 3 scrolls of identify
 m - a scroll of remove curse
 o - a scroll of enchant armour
Books
 q - a book of Minor Magic

   Spells                             Type                      Level
   a - Magic Dart                     Conjuration                  1
   b - Blink                          Translocation                2
   c - Call Imp                       Summoning                    2
   d - Repel Missiles                 Charms/Air                   2
   e - Slow                           Hexes                        2
   f - Conjure Flame                  Conjuration/Fire             3
   g - Mephitic Cloud                 Conjuration/Poison/Air       3
Comestibles
 f - a bread ration


   Skills:
 - Level 2.0 Fighting
 + Level 11.6 Polearms
 + Level 4.6 Throwing
 - Level 3.0 Dodging
 + Level 5.0 Stealth


You had 5 spell levels left.
You didn't know any spells.

Dungeon Overview and Level Annotations

Branches:
Dungeon (4/15)
 Temple: D:4-7

Altars:

Annotations:
D:4 Eustachio, Pikel


Innate Abilities, Weirdness & Mutations

You cannot wear boots.
Your serpentine skin is tough. (AC +2)
You have supernaturally acute eyesight. (SInv)
Armour fits poorly on your strangely shaped body.
Your system is resistant to poisons. (rPois)
You cover ground very slowly.
You have a slow metabolism.
You can spit poison.


Message History

Press: ? - help, Shift-Dir - straight line, f/p - Pikel
Aim: Pikel, wielding a whip of freezing and wearing a robe (moderately wounded)
The splash of poison hits Pikel.
Pikel is poisoned.
Pikel is moderately wounded.
You feel slightly more hungry. Pikel hits you but does no damage.
You hit Pikel.
Pikel is heavily wounded.
The crimson imp blinks!
You barely miss Pikel.
Pikel is heavily wounded.
Pikel hits you with a whip of freezing.
* * * LOW HITPOINT WARNING * * *
Pikel freezes you.
* * * LOW HITPOINT WARNING * * *
The white imp shouts, "Escape, thou obnoxious folly-fallen prigger-of-prances!"
The white imp disappears in a puff of smoke!
Pikel hits you but does no damage.
You have got your breath back.
Pikel looks more healthy.
Pikel hits you with a whip of freezing.
You die...

#.# #.# #.#
#.# #.# #p#
#.# #.# #.#
#r# #.# #.#
#.# #.#
#.#########p#
#........@K.#
#############


You could see Pikel and a slave.

Vanquished Creatures
  Jessica (D:2)
  Terence (D:3)
  A worker ant zombie (D:3)
  6 gnolls
  2 adders
  An ooze (D:1)
  3 worms (D:2)
  A leopard gecko (D:1)
  An orc (D:2)
  12 bats
  4 giant cockroaches
  7 hobgoblins
  3 quokkas
  2 ball pythons (D:3)
  4 frilled lizards
  8 goblins
  6 kobolds
  A quokka skeleton (D:4)
  4 rats
68 creatures vanquished.

Notes
Turn   | Place    | Note
-------+----------+-------------------------------------------
     0 | D:1      | KristoblXynda the Naga Hunter began the quest for the Orb.
     0 | D:1      | Reached XP level 1. HP: 19/19 MP: 1/1
   636 | D:1      | Reached XP level 2. HP: 14/26 MP: 2/2
  1360 | D:1      | Reached XP level 3. HP: 25/32 MP: 3/3
  1987 | D:2      | Noticed Jessica
  2016 | D:2      | Killed Jessica
  2016 | D:2      | Reached XP level 4. HP: 29/39 MP: 4/4
  3393 | D:3      | Noticed Terence
  3397 | D:3      | Reached XP level 5. HP: 45/45 MP: 5/5
  3403 | D:3      | Killed Terence
  4522 | D:4      | Noticed a slave
  4535 | D:4      | Noticed a slave
  4535 | D:4      | Noticed a slave
  4547 | D:4      | Noticed a slave
  4552 | D:4      | Noticed Pikel
  4700 | D:3      | Reached skill level 5 in Stealth
  4746 | D:4      | Reached skill level 11 in Polearms
  4746 | D:4      | Reached XP level 6. HP: 30/52 MP: 6/6
  4885 | D:4      | Noticed Eustachio
  4936 | D:4      | HP: 2/52 [Pikel/whip of freezing (3)]
  4941 | D:4      | Slain by Pikel

Skill      XL: |  1  2  3  4  5 |
---------------+----------------+-----
Stealth        | 2 3 4 5 |  5.0
Dodging        | 2 3 |  3.0
Throwing       | 4 |  4.6
Polearms       | 11 | 11.6
Fighting       | |  2.0

Action                   |  1- 3 |  4- 6 || total
-------------------------+-------+-------++-------
Melee: Short sword       |    20 |       ||    20
       Spear             |   108 |    79 ||   187
       Halberd           |       |   123 ||   123
Throw: Javelin           |     1 |     1 ||     2
 Abil: Spit Poison       |    16 |    25 ||    41
  Use: Scroll            |       |     9 ||     9
       Potion            |       |     4 ||     4
 Stab: Sleeping          |     4 |     5 ||     9
       Distracted        |       |     1 ||     1
       Invisible         |       |     1 ||     1
  Eat: Chunk             |     3 |     9 ||    12
Armor: Leather armour    |    27 |    75 ||   102
Dodge: Dodged            |    66 |   147 ||   213
